 Dungeon Crawl Stone Soup version 0.27.0-1-g7a089689b8 (webtiles) character file.

Game seed: 7978413142424327994

44 ZombieSheep the Twirler (level 3, -2/28 HPs)
             Began as a Gnoll Wanderer on Aug 6, 2021.
             Was a Follower of Okawaru.
             Slain by Terence (10 damage)
             ... on level 2 of the Dungeon.
             The game lasted 00:03:10 (1602 turns).

ZombieSheep the Twirler (Gnoll Wanderer)            Turns: 1602, Time: 00:03:11

Health: -2/28      AC:  7    Str: 12    XL:     3   Next: 60%
Magic:  1/4        EV: 12    Int: 12    God:    Okawaru [*.....]
Gold:   103        SH:  6    Dex: 10    Spells: 3/3 levels left

rFire    . . .     SeeInvis .   a - +2 hand axe
rCold    . . .     Faith    .   c - +0 buckler
rNeg     . . .     Spirit   .   m - +0 ring mail
rPois    .         Reflect  .   (no helmet)
rElec    .         Harm     .   (no cloak)
rCorr    .         Rampage  .   (no gloves)
Will     .....                  (no boots)
Stlth    +++.......             (no amulet)
HPRegen  0.09/turn              (no ring)
MPRegen  0.09/turn              (no ring)

@: heroic
A: fangs 1, strong nose, distributed training
a: Renounce Religion, Heroism


You were on level 2 of the Dungeon.
You worshipped Okawaru.
Okawaru was aware of your devotion.
You visited 1 branch of the dungeon, and saw 3 of its levels.

You collected 103 gold pieces.

Inventory:

Hand Weapons
 a - a +2 hand axe (weapon)
 b - a +0 hand crossbow
 j - a +0 rapier
Missiles
 l - 12 bolts
Armour
 c - a +0 buckler (worn)
 m - a +0 ring mail (worn)
 o - a +0 chain mail
Jewellery
 n - a ring of willpower
Scrolls
 f - a scroll of acquirement {unknown}
 g - 2 scrolls of identify
 i - a scroll of summoning {unknown}
 p - a scroll of magic mapping {unknown}
Potions
 d - a potion of lignification
 e - a potion of magic {unknown}
 h - a potion of attraction {unknown}
 k - 3 potions of curing


   Skills:
 + Level 2.6(7.6) Fighting
 + Level 0.9(5.9) Short Blades
 + Level 0.9(5.9) Long Blades
 + Level 2.6(7.6) Axes
 + Level 0.9(5.9) Maces & Flails
 + Level 0.9(5.9) Polearms
 + Level 6.5(11.5) Staves
 + Level 0.9(5.9) Slings
 + Level 0.9(5.9) Bows
 + Level 0.9(5.9) Crossbows
 + Level 0.9(5.9) Throwing
 + Level 4.5(9.5) Armour
 + Level 0.9(5.9) Dodging
 + Level 2.4(7.4) Stealth
 + Level 4.5(9.5) Shields
 + Level 0.9(5.9) Unarmed Combat
 + Level 0.9 Spellcasting
 + Level 0.6 Conjurations
 + Level 0.6 Hexes
 + Level 0.6 Summonings
 + Level 0.6 Necromancy
 + Level 0.6 Translocations
 + Level 0.6 Transmutations
 + Level 0.6 Fire Magic
 + Level 0.6 Ice Magic
 + Level 0.6 Air Magic
 + Level 0.6 Earth Magic
 + Level 0.6 Poison Magic
 + Level 1.0 Invocations
 + Level 0.9 Evocations


You had 3 spell levels left.
You didn't know any spells.
Your spell library was empty.

Dungeon Overview and Level Annotations

Branches:
Dungeon (3/15)

Altars:
Nemelex Xobeh
Okawaru

Annotations:
D:2 Terence


Innate Abilities, Weirdness & Mutations

You have very sharp teeth.
Your uncanny sense of smell can sniff out nearby items.
Your experience applies equally to all skills.


Message History

Terence says, "Don't bother to defend, it's useless."
You block Terence's attack.
a - a +2 hand axe (weapon)
You hit Terence but do no damage.
Terence is moderately wounded.
Terence closely misses you.
You slash Terence!
Terence is heavily wounded.
You block Terence's attack.
You hit Terence but do no damage.
Terence is heavily wounded.
You block Terence's attack.
You hit Terence but do no damage.
Terence is heavily wounded.
You block Terence's attack.
You barely miss Terence.
Terence is heavily wounded.
Terence closely misses you.
Your ring mail prevents you from hitting Terence.
You bite Terence, but do no damage.
Terence is heavily wounded.
Terence hits you with a +0 flail!
You hit Terence but do no damage.
Terence is heavily wounded.
Terence hits you but does no damage.
You closely miss Terence.
Terence is heavily wounded.
You feel like a meek peon again.
You barely miss Terence.
Terence is heavily wounded.
Terence hits you but does no damage. Terence barely misses you.
You slash Terence!
Terence is almost dead.
Terence hits you with a +0 flail!
* * * LOW HITPOINT WARNING * * *
You are too injured to fight recklessly!
You gain the combat prowess of a mighty hero.
Terence screams, "I want your blood!" Terence hits you with a +0 flail!
You die...

#######.# #.##...
#.......# #.##...
#.##########..#.).
#.# #.............
#.# #.#######.....
#.# #.# ####....
#.# #.# #.##.###
#.# #.# #.......
#@# #.# #.###.##
#@# #.#####.###..#
#.# #............#
#(# #######.###...
#.# #.# #... #.#
#.# #.#.
#...(......
#.###.#.
#..(.......
#.......
#..........
#####.#†


You could see Terence.

Vanquished Creatures
  2 dart slugs
  3 ball pythons (D:1)
  2 bats
  5 endoplasms
  2 giant cockroaches (D:1)
  7 goblins
  2 hobgoblins (D:2)
  2 jackals (D:2)
  5 kobolds
  4 rats
34 creatures vanquished.

Notes
Turn   | Place    | Note
-------+----------+-------------------------------------------
     0 | D:1      | ZombieSheep the Gnoll Wanderer began the quest for the Orb.
     0 | D:1      | ZombieSheep set off with the following items: a +2 hand
                  | axe, a potion of curing, a +0 buckler, a +0 robe
     0 | D:1      | Reached XP level 1. HP: 17/17 MP: 1/1
   205 | D:1      | Reached XP level 2. HP: 19/23 MP: 2/2
   775 | D:2      | You fall into a shaft and drop 1 floor!
   844 | D:2      | Reached XP level 3. HP: 28/28 MP: 3/3
  1323 | D:2      | Reached skill level 1 in Invocations
  1359 | D:2      | Found a faded altar of an unknown god.
  1367 | D:2      | Became a worshipper of Warmaster Okawaru
  1367 | D:2      | Reached * piety under Okawaru
  1543 | D:2      | Found a sparkling altar of Nemelex Xobeh.
  1578 | D:2      | Noticed Terence
  1602 | D:2      | Slain by Terence

Illustrated notes

Levels and vault maps discovered:
D:1:      scummos_arrival_checkerplants, layout_rooms
D:2:      layout_basic, hellmonk_ecumenical_altar_lost_god, basic_altar,
          uniq_terence
D:3:      layout_loops_cross, lemuel_round_altar, lemuel_tele_altar

Skill      XL: |  1  2  3 |
---------------+----------+-----
Invocations    | 1 |  1.0
Fighting       | |  2.6
Short Blades   | |  0.9
Long Blades    | |  0.9
Axes           | |  2.6
Maces & Flails | |  0.9
Polearms       | |  0.9
Staves         | |  6.5
Slings         | |  0.9
Bows           | |  0.9
Crossbows      | |  0.9
Throwing       | |  0.9
Armour         | |  4.5
Dodging        | |  0.9
Stealth        | |  2.4
Shields        | |  4.5
Unarmed Combat | |  0.9
Spellcasting   | |  0.9
Conjurations   | |  0.6
Hexes          | |  0.6
Summonings     | |  0.6
Necromancy     | |  0.6
Translocations | |  0.6
Transmutations | |  0.6
Fire Magic     | |  0.6
Ice Magic      | |  0.6
Air Magic      | |  0.6
Earth Magic    | |  0.6
Poison Magic   | |  0.6
Evocations     | |  0.9

Action                   || total
-------------------------++-------
Melee: Hand axe          ||    80
       Bite              ||     4
 Fire: Hand crossbow     ||     8
Invok: Heroism           ||     2
  Use: Scroll            ||     3
 Stab: Sleeping          ||     3
Armor: Robe              ||     4
       Ring mail         ||    23
Dodge: Dodged            ||    37
Block: Buckler           ||    15
